 Dungeon Crawl Stone Soup version 0.17.1-2-g5865329 (webtiles) character file.

2136 Mysteryquy the Ducker (level 9, -1/68 HPs)
             Began as a Demonspawn Gladiator on Jan 28, 2016.
             Was a Follower of Okawaru.
             Slain by a killer bee (7 damage)
             ... on level 7 of the Dungeon.
             The game lasted 00:21:26 (10180 turns).

Mysteryquy the Ducker (Demonspawn Gladiator)       Turns: 10180, Time: 00:21:26

Health: -1/68      AC: 10    Str: 16    XL:     9   Next: 9%
Magic:  9/9        EV: 18    Int: 11    God:    Okawaru [*.....]
Gold:   461        SH:  0    Dex: 19    Spells: 0 memorised, 8 levels left

rFire  x . .     SeeInvis .     a - +0 quarterstaff
rCold  . . .     Clarity  .     J - +0 ring mail of Cikurch {+Inv rPois rF- Dex+4}
rNeg   . . .     SustAt   .     (shield currently unavailable)
rPois  +         Gourm    .     C - +1 helmet
rElec  .         Spirit   .     (no cloak)
rCorr  .         Warding  .     z - +0 pair of gloves
rMut   .         Stasis   .     H - +0 pair of boots
MR     .....                    (no amulet)
Stlth  +.........               (no ring)
                                (no ring)

@: not resistant to hostile enchantments, very unstealthy
A: repulsion field 1, powered by pain 3
a: Heroism, Renounce Religion, Evoke Invisibility


You were on level 7 of the Dungeon.
You worshipped Okawaru.
Okawaru was aware of your devotion.
You were hungry.

You visited 2 branches of the dungeon, and saw 9 of its levels.
You also visited: Ossuary.

You collected 461 gold pieces.

Inventory:

Hand Weapons
 a - a +0 quarterstaff (weapon)
Missiles
 d - 2 throwing nets (quivered)
 w - 6 curare-tipped needles
 x - 182 stones
Armour
 b - a +0 leather armour
 c - a +0 helmet
 z - a +0 pair of gloves (worn)
 B - a +2 animal skin
 C - a +1 helmet (worn)
 H - a +0 pair of boots (worn)
 J - the +0 ring mail of Cikurch (worn) {+Inv rPois rF- Dex+4}
   (You found it on level 5 of the Dungeon)

   It affects your dexterity (+4).
   It makes you vulnerable to fire.
   It protects you from poison.
   It lets you turn invisible.
Jewellery
 n - an uncursed ring of positive energy {unknown}
 o - an uncursed ring of fire {unknown}
 I - an uncursed ring of fire {unknown}
 M - an uncursed ring of protection from fire {unknown}
Scrolls
 h - 6 scrolls of noise {unknown}
 i - 8 scrolls of identify
 j - 2 scrolls of fog
 r - a scroll of teleportation
 t - 4 scrolls of enchant armour
 D - a scroll of fear
 G - a scroll of remove curse
Potions
 f - a potion of agility
 k - 4 potions of might {unknown}
 l - a potion of heal wounds
 m - a potion of resistance {unknown}
 q - a potion of brilliance {unknown}
 u - 6 potions of curing {unknown}
 v - a potion of lignification {unknown}
 A - 2 potions of ambrosia {unknown}
 E - 2 potions of magic {unknown}
 S - a potion of poison {unknown}
Books
 Q - a book of the Dragon

   Spells                             Type                      Level
   a - Flame Tongue                   Conjuration/Fire             1
   b - Cause Fear                     Hexes                        4
   c - Bolt of Fire                   Conjuration/Fire             6
   d - Dragon Form                    Transmutation                7
   e - Dragon's Call                  Summoning                    9
 R - the Volume of Moulding
   (You found it on level 6 of the Dungeon)

   Spells                             Type                      Level
   a - Sticks to Snakes               Transmutation                2
   b - Ignite Poison                  Fire/Transmutation/Poison    3
   c - Ice Form                       Ice/Transmutation            4
   d - Blade Hands                    Transmutation                5
   e - Hydra Form                     Transmutation                6
Comestibles
 e - 6 bread rations
 p - a meat ration
 L - a beef jerky
 O - a royal jelly
 P - 2 fruits
 T - a slice of pizza


   Skills:
 + Level 5.0 Fighting
 + Level 6.3 Staves
 * Level 4.6 Throwing
 + Level 2.9 Armour
 + Level 6.9 Dodging


You had 8 spell levels left.
You didn't know any spells.

Dungeon Overview and Level Annotations

Branches:
Dungeon (8/15)             Temple (1/1) D:5
   Lair: D:8-11

Altars:
Ashenzari
Cheibriados
Dithmenos
Elyvilon
Fedhas
Gozag
Kikubaaqudgha
Makhleb
Nemelex Xobeh
Okawaru
Qazlal
Ru
Sif Muna
Trog
Vehumet
Xom
Yredelemnul
Zin
The Shining One

Shops:
D:5 :

Annotations:
D:7 Erolcha


Innate Abilities, Weirdness & Mutations

You are surrounded by a mild repulsion field (EV +2).
You are powered by pain.


Message History

The killer bee closely misses you. x2
There is a stone staircase leading down here.
The killer bee buzzes angrily.
You hit something.
Your surroundings suddenly seem different.
A killer bee comes into view.
The killer bee buzzes angrily.
A killer bee comes into view.
The killer bee buzzes angrily.
A killer bee comes into view.
The killer bee buzzes angrily.
A killer bee comes into view.
The killer bee buzzes angrily.
A killer bee comes into view.
The killer bee buzzes angrily.
A killer bee comes into view.
The killer bee buzzes angrily.
The killer bee barely misses you. The killer bee completely misses you.
The killer bee stings you!
You die...

### #...
#.s..#######..#
.......yy....#
.......@#
.....yyy#
.....$..#
....y...#
#...(#### #....
####


You could see a scorpion and 6 killer bees.

Vanquished Creatures
  2 ice beasts
  2 centaurs
  An orc warrior (D:6)
  An ogre (D:5)
  The ghost of Glider the Changer, an amateur OpTm (D:3)
  An elf zombie (Ossuary)
  2 giant frogs (D:7)
  4 scorpions
  3 killer bees
  2 crimson imps
  3 hounds
  A giant frog zombie (D:5)
  A centaur skeleton (D:3)
  A jelly (D:5)
  3 orc priests
  A gnoll shaman (D:3)
  2 giant frog skeletons
  6 orc wizards
  An iguana (D:5)
  4 worker ants
  3 hound zombies (Ossuary)
  Robin (D:3)
  8 gnolls
  3 adders
  A shadow imp (D:5)
  2 oozes
  2 adder skeletons
  4 worms
  9 giant geckos
  24 orcs
  5 giant cockroaches
  14 hobgoblins
  10 jackals
  9 kobolds
  7 quokkas
  2 ball pythons (D:1)
  5 bats
  8 giant newts
  20 goblins
  A goblin zombie (Ossuary)
  A jackal zombie (Ossuary)
  A kobold zombie (Ossuary)
  4 rats
  A rat zombie (Ossuary)
187 creatures vanquished.

Notes
Turn   | Place    | Note
--------------------------------------------------------------
     0 | D:1      | Mysteryquy the Demonspawn Gladiator began the quest for the Orb.
     0 | D:1      | Reached XP level 1. HP: 16/16 MP: 1/1
   359 | D:1      | Reached skill level 3 in Staves
   359 | D:1      | Gained mutation: You are surrounded by a mild repulsion field (EV +2). [demonic ancestry]
   359 | D:1      | Reached XP level 2. HP: 12/22 MP: 2/2
  1107 | D:2      | Gained mutation: You sometimes gain a little power by taking damage. [demonic ancestry]
  1107 | D:2      | Reached XP level 3. HP: 12/27 MP: 3/3
  1338 | D:2      | Found a sparkling altar of Nemelex Xobeh.
  1595 | D:2      | Found a white marble altar of Elyvilon.
  2212 | D:2      | Reached skill level 1 in Armour
  2212 | D:2      | Reached XP level 4. HP: 33/33 MP: 4/4
  2986 | D:3      | Gained mutation: You sometimes gain power by taking damage. [demonic ancestry]
  2986 | D:3      | Reached XP level 5. HP: 38/38 MP: 5/5
  3002 | D:3      | Reached skill level 4 in Staves
  3109 | D:3      | Noticed Glider's ghost (amateur OpTm)
  3721 | D:3      | Noticed an ice beast
  3732 | D:3      | Killed an ice beast
  4096 | D:3      | Reached XP level 6. HP: 37/44 MP: 6/6
  4271 | D:3      | Noticed Robin
  4355 | D:3      | Killed Robin
  4503 | D:3      | Killed Glider's ghost
  5072 | D:4      | Reached XP level 7. HP: 47/51 MP: 7/7
  5246 | D:4      | Reached skill level 5 in Staves
  5570 | D:4      | Reached skill level 5 in Dodging
  5694 | D:5      | Entered Level 5 of the Dungeon
  6516 | D:5      | Found a shimmering altar of Xom.
  6547 | D:5      | Found a blossoming altar of Fedhas.
  6757 | D:5      | Found a bloodstained altar of Trog.
  6812 | D:5      | Got a bloodstained ring mail
  6823 | D:5      | Identified the cursed +0 ring mail of Cikurch {+Inv rPois rF- Dex+4} (You found it on level 5 of the Dungeon)
  6851 | D:5      | Reached XP level 8. HP: 50/60 MP: 8/8
  7221 | D:5      | Found a staircase to the Ecumenical Temple.
  7270 | Temple   | Entered the Ecumenical Temple
  7342 | Temple   | Became a worshipper of Warmaster Okawaru
  7610 | D:5      | Reached skill level 6 in Dodging
  7704 | D:5      | Found a stormy altar of Qazlal.
  7748 | D:5      | Found Juet's Book Shop.
  8144 | D:6      | Found a sand-covered staircase.
  8155 | D:6      | Identified the Volume of Moulding
  8167 | Ossuary  | Entered an ossuary
  9128 | D:6      | Reached * piety under Okawaru
  9287 | D:6      | Found an iron altar of Okawaru.
  9295 | D:6      | Identified a scroll of acquirement
  9578 | D:7      | Found a bloodstained altar of Trog.
  9587 | D:7      | Found a shattered altar of Ashenzari.
  9740 | D:7      | Gained mutation: You are powered by pain. [demonic ancestry]
  9740 | D:7      | Reached XP level 9. HP: 48/67 MP: 9/9
 10143 | D:8      | Noticed Erolcha
 10155 | D:8      | Reached skill level 5 in Fighting
 10180 | D:7      | Slain by a killer bee

Action                   |  1- 3 |  4- 6 |  7- 9 || total
-------------------------+-------+-------+-------++-------
Melee: Quarterstaff      |   154 |   281 |   512 ||   947
Throw: Throwing net      |       |     1 |     1 ||     2
  Use: Scroll            |       |       |    13 ||    13
 Stab: Sleeping          |     2 |     2 |     1 ||     5
  Eat: Chunk             |     4 |    10 |    16 ||    30
